 Dungeon Crawl Stone Soup version 0.19.1 (webtiles) character file.

191 Melicamp the Digger (level 5, 0/42 HPs)
             Began as a Deep Dwarf Earth Elementalist on Nov 28, 2016.
             Slain by truemonolith's ghost (10 damage)
             ... on level 3 of the Dungeon.
             The game lasted 00:29:58 (3644 turns).

Melicamp the Digger (Deep Dwarf Earth Elementalist) Turns: 3644, Time: 00:29:59

Health: 0/42       AC:  5    Str: 12    XL:     5   Next: 42%
Magic:  11/11      EV: 12    Int: 16    God:
Gold:   126        SH:  0    Dex: 13    Spells: 4 memorised, 2 levels left

rFire  . . .     SeeInvis .     q - +2 quarterstaff (chaos)
rCold  . . .     Gourm    .     c - +0 robe
rNeg   . . .     Faith    .     (shield currently unavailable)
rPois  .         Spirit   .     m - +0 helmet
rElec  .         Reflect  .     a - +0 cloak
rCorr  .         Harm     .     o - +0 pair of gloves
MR     .....                    (no boots)
Stlth  ++........               (no amulet)
                                (no ring)
                                (no ring)

@: non-regenerating
A: damage resistance, recharge devices, sense surroundings 1, slow regeneration
3
a: Device Recharging


You were on level 3 of the Dungeon.
You were not hungry.

You visited 1 branch of the dungeon, and saw 3 of its levels.

You collected 126 gold pieces.

Inventory:

Hand Weapons
 l - a +0 dagger of draining
 q - a +2 quarterstaff of chaos (weapon)
 s - a +3 quarterstaff
Missiles
 b - 46 stones (quivered)
Armour
 a - a +0 cloak (worn)
 c - a +0 robe (worn)
 m - a +0 helmet (worn)
 o - a +0 pair of gloves (worn)
Jewellery
 k - a +6 amulet of reflection {unknown}
 n - an uncursed ring of poison resistance {unknown}
Wands
 d - a wand of heal wounds (1/9)
 h - a wand of flame (4/48)
 t - a wand of slowing (17/48)
Potions
 g - a potion of cure mutation
 r - 2 potions of heal wounds
 v - a potion of might {unknown}
 w - a potion of brilliance {unknown}
Books
 e - a book of Geomancy

   Spells                             Type                      Level
   a - Sandblast                      Earth                        1
   b - Passwall                       Transmutation/Earth          2
   c - Stone Arrow                    Conjuration/Earth            3
   d - Petrify                        Transmutation/Earth          4
   e - Lee's Rapid Deconstruction     Earth                        5
Comestibles
 f - 3 bread rations
 i - a fruit
 j - a meat ration
 u - a chunk of flesh


   Skills:
 - Level 2.1 Dodging
 - Level 2.4 Stealth
 - Level 4.0 Spellcasting
 - Level 0.8 Transmutations
 * Level 5.8 Earth Magic


You had 2 spell levels left.
You knew the following spells:

 Your Spells              Type           Power        Failure   Level  Hunger
a - Sandblast             Erth           ###...       1%          1    None
b - Passwall              Tmut/Erth      ##........   10%         2    ##.....
c - Stone Arrow           Conj/Erth      ##....       17%         3    ###....
d - Petrify               Tmut/Erth      ##......     50%         4    ####...


Dungeon Overview and Level Annotations

Branches:
Dungeon (3/15)

Altars:
Qazlal

Annotations:
D:3 1 exclusion, Ijyb; truemonolith's ghost, amateur HaBe


Innate Abilities, Weirdness & Mutations

You are resistant to damage.
You can recharge devices by infusing magical energy.
You passively map a small area around you.
You do not regenerate.


Message History

r - 2 potions of heal wounds (gained 1) Truemonolith's ghost misses you.
Truemonolith's ghost screams, "I'll kill anyone who wants the ORB!"
Truemonolith's ghost barely misses you.
You see here a thick diamond amulet.
k - a thick diamond amulet Truemonolith's ghost completely misses you.
Truemonolith's ghost hits you.
There is an open door here.
Ijyb the Twisted Goblin comes into view.
Found 10 gold pieces.
Truemonolith's ghost hits you.
There is an open door here.
Truemonolith's ghost barely misses you.
You close the door.
Truemonolith's ghost hits you!
* * * LOW HITPOINT WARNING * * *
You open the door. Truemonolith's ghost barely misses you.
Truemonolith's ghost flicks its blade from hand to hand, faster than the eye can follow.
Truemonolith's ghost hits you!
You die...

, #. , ,,.., , , #. * ,
$. #. * ** .#* ######. *
, g.* #.[.... , #.
#...... * #. ######
#...... *
..####.##....######......
........@................
*
#######W#....#.####......
###..(...#.# #......
#........#.# #######
############...)#.#
§§§§§§§§§§§#.####.#
§§§§§§§§§§§#.## #.#
§§§§§§§§§§§#..# #.#
§§§§§§§§§§§#..###.######


You could see truemonolith's ghost.

Vanquished Creatures
  Crazy Yiuf (D:2)
  Natasha (D:3)
  Terence (D:1)
  Robin (D:1)
  2 adders (D:2)
  A worm (D:3)
  3 dart slugs
  A leopard gecko (D:2)
  9 bats
  2 giant cockroaches
  16 goblins
  11 hobgoblins
  4 kobolds
  2 quokkas
  5 frilled lizards
  11 rats
71 creatures vanquished.

Notes
Turn   | Place    | Note
-------+----------+-------------------------------------------
     0 | D:1      | Melicamp the Deep Dwarf Earth Elementalist began the quest for the Orb.
     0 | D:1      | Reached XP level 1. HP: 15/15 MP: 3/3
   525 | D:1      | Reached XP level 2. HP: 17/22 MP: 0/5
   590 | D:1      | Learned a level 2 spell: Passwall
  1232 | D:2      | Reached XP level 3. HP: 19/28 MP: 2/6
  1367 | D:2      | Noticed Robin
  1595 | D:1      | Killed Robin
  1707 | D:1      | Reached XP level 4. HP: 34/36 MP: 0/8
  1803 | D:2      | Noticed Terence
  1851 | D:1      | Killed Terence
  2557 | D:2      | Found a runed door.
  2562 | D:2      | Learned a level 3 spell: Stone Arrow
  2567 | D:2      | Learned a level 4 spell: Petrify
  2570 | D:2      | Noticed Crazy Yiuf
  2577 | D:2      | Killed Crazy Yiuf
  2577 | D:2      | Reached skill level 5 in Earth Magic
  2577 | D:2      | Reached XP level 5. HP: 36/42 MP: 3/11
  2951 | D:3      | Noticed truemonolith's ghost (amateur HaBe)
  3367 | D:3      | Found a stormy altar of Qazlal.
  3388 | D:3      | Noticed Natasha
  3403 | D:3      | Killed Natasha
  3520 | D:3      | Found a faded altar of an unknown god.
  3636 | D:3      | Noticed Ijyb
  3644 | D:3      | Slain by truemonolith's ghost

Skill      XL: |  1  2  3  4 |
---------------+-------------+-----
Spellcasting   | 2 3 4 |  4.0
Earth Magic    | 5 |  5.8
Dodging        | |  2.1
Stealth        | |  2.4
Transmutations | |  0.8

Action                   |  1- 3 |  4- 6 || total
-------------------------+-------+-------++-------
Melee: Unarmed           |     2 |       ||     2
       Dagger            |     7 |    58 ||    65
       Quarterstaff      |       |     6 ||     6
Throw: Stone             |     9 |     1 ||    10
 Cast: Sandblast         |    88 |    65 ||   153
       Passwall          |       |     6 ||     6
Evoke: Wand              |     4 |     7 ||    11
  Use: Scroll            |     2 |     5 ||     7
  Eat: Chunk             |     1 |     5 ||     6
       Fruit             |     1 |     1 ||     2
       Beef jerky        |     1 |       ||     1
Armor: Robe              |    10 |    19 ||    29
Dodge: Dodged            |    56 |    63 ||   119
